 Dungeon Crawl Stone Soup version 0.21-a0-135-g8dc100c (console) character file.

154 removed the Poker (level 5, -5/38 HPs)
             Began as a Demonspawn Warper on July 17, 2017.
             Killed from afar by Ijyb (11 damage)
             ... with a wand of flame (?/48)
             ... on level 3 of the Dungeon.
             The game lasted 00:06:07 (2959 turns).

removed the Poker (Demonspawn Warper)               Turns: 2959, Time: 00:06:08

Health: -5/38      AC:  8    Str: 11    XL:     5   Next: 13%
Magic:  4/8        EV: 12    Int: 14    God:
Gold:   105        SH:  0    Dex: 14    Spells: 4/8 levels left

rFire    . . .     SeeInvis .   a - +0 spear
rCold    + . .     Gourm    .   (no shield)
rNeg     . . .     Faith    .   b - +0 leather armour
rPois    .         Spirit   .   (no helmet)
rElec    .         Reflect  .   (no cloak)
rCorr    .         Harm     .   C - +0 pair of gloves
MR       .....                  B - +0 pair of boots
Stlth    +.........             (no amulet)
HPRegen  0.12/turn              (no ring)
MPRegen  0.11/turn              (no ring)

@: shrouded
A: talons 1, molten scales 2, cold resistance 1
a: no special abilities


You were on level 3 of the Dungeon.
You were not hungry.

You visited 1 branch of the dungeon, and saw 3 of its levels.

You collected 105 gold pieces.

Inventory:

Hand Weapons
 a - a +0 spear (weapon)
Missiles
 e - 5 tomahawks of dispersal (quivered)
 A - 8 silver javelins
Armour
 b - a +0 leather armour (worn)
 B - a +0 pair of boots (worn)
 C - a +0 pair of gloves (worn)
Jewellery
 l - an uncursed ring of fire
Scrolls
 d - a scroll of blinking
 g - 4 scrolls of teleportation {unknown}
 n - a scroll of recharging {unknown}
 q - a scroll of immolation {unknown}
 w - 2 scrolls of identify {unknown}
 y - a scroll of remove curse {unknown}
Potions
 h - 2 potions of brilliance {unknown}
 i - a potion of berserk rage {unknown}
 k - 2 potions of cancellation {unknown}
 m - a potion of resistance {unknown}
 p - a potion of degeneration {unknown}
 r - a potion of might {unknown}
 s - a potion of mutation {unknown}
 t - a potion of curing {unknown}
 v - a potion of ambrosia {unknown}
Books
 c - a book of Spatial Translocations

   Spells                             Type                      Level
   a - Blink                          Translocation                2
   b - Shroud of Golubria             Charms/Translocation         2
   c - Lesser Beckoning               Translocation                3
   d - Gell's Gravitas                Translocation                3
   e - Teleport Other                 Translocation                3
   f - Passage of Golubria            Translocation                4
Comestibles
 f - 4 bread rations
 j - a meat ration
 u - a royal jelly
 x - 6 fruits
 z - 2 chunks of flesh


   Skills:
 - Level 2.0 Fighting
 - Level 4.1 Polearms
 - Level 0.8 Throwing
 - Level 0.8 Armour
 - Level 1.7 Dodging
 - Level 2.0 Spellcasting
 - Level 2.1 Charms
 + Level 2.8 Translocations


You had 4 spell levels left.
You knew the following spells:

 Your Spells              Type           Power        Failure   Level  Hunger
a - Shroud of Golubria    Chrm/Tloc      #.........   17%         2    ###....
l - Blink                 Tloc           N/A          14%         2    ###....


Dungeon Overview and Level Annotations

Branches:
Dungeon (3/15)

Altars:
The Shining One

Annotations:
D:2 1 runed door
D:3 Ijyb


Innate Abilities, Weirdness & Mutations

You have sharp toenails.
You are mostly covered in molten scales. (AC +3)
Your flesh is cold resistant. (rC+)


Message History

* * * LOW HITPOINT WARNING * * *
Casting: Shroud of Golubria
Confirm with . or Enter, or press ? or * to list all spells.
Space distorts slightly along a thin shroud covering your body.
Ijyb zaps a wand.
The puff of flame misses you.
You barely miss Ijyb.
Ijyb is moderately wounded.
Ijyb hits you but does no damage.
You hit Ijyb.
Ijyb is moderately wounded.
Ijyb zaps a wand.
The puff of flame hits you!
* * * LOW HITPOINT WARNING * * *
Your magical contamination has completely faded away.
You hit Ijyb but do no damage.
Ijyb is moderately wounded.
Ijyb hits you but does no damage.
You hit Ijyb.
Ijyb is moderately wounded.
Ijyb zaps a wand.
The puff of flame hits you!
You die...

....## ..... ..
....### .#.##
##....#.........#
##.....#.##......#
............>...#
#.g...#..........
######@#####..#.....
...............#...#
######.....##..#...#
#.....##......#
#.....#####.#.#####
.....................
..##.########.#.#####
#.. ..# #.#...... #.
#.# #######.#..#...


You could see Ijyb.

Vanquished Creatures
  An orc wizard (D:3)
  Jessica (D:3)
  4 adders
  3 oozes
  A worm (D:3)
  A dart slug (D:1)
  3 orcs (D:3)
  2 bats (D:3)
  A giant cockroach (D:3)
  5 goblins
  5 hobgoblins
  5 jackals
  A ball python (D:3)
  4 frilled lizards
  4 kobolds
  8 rats
49 creatures vanquished.

Notes
Turn   | Place    | Note
-------+----------+-------------------------------------------
     0 | D:1      | removed the Demonspawn Warper began the quest for the Orb.
     0 | D:1      | Reached XP level 1. HP: 16/16 MP: 3/3
   265 | D:1      | Reached skill level 2 in Polearms
   610 | D:1      | Gained mutation: You are partially covered in molten scales. (AC +2) [demonic ancestry]
   610 | D:1      | Reached XP level 2. HP: 22/22 MP: 5/5
   700 | D:1      | Learned a level 2 spell: Blink
   703 | D:1      | Learned a level 2 spell: Shroud of Golubria
   883 | D:1      | Reached skill level 3 in Polearms
  1473 | D:2      | Found a glowing golden altar of the Shining One.
  1563 | D:2      | Gained mutation: You are mostly covered in molten scales. (AC +3) [demonic ancestry]
  1563 | D:2      | Reached XP level 3. HP: 24/27 MP: 6/6
  1614 | D:2      | Found a runed door.
  2283 | D:3      | Noticed Jessica
  2297 | D:3      | Killed Jessica
  2297 | D:3      | Reached skill level 4 in Polearms
  2297 | D:3      | Gained mutation: You have sharp toenails. [demonic ancestry]
  2297 | D:3      | Reached XP level 4. HP: 33/33 MP: 4/7
  2471 | D:3      | Reached skill level 1 in Charms
  2768 | D:3      | Gained mutation: Your flesh is cold resistant. (rC+) [demonic ancestry]
  2768 | D:3      | Reached XP level 5. HP: 38/38 MP: 6/8
  2930 | D:3      | Noticed Ijyb
  2959 | D:3      | Killed from afar by Ijyb

Vault maps used:
D:1:      dpeg_arrival_simpleton_a
D:2:      tso_altar, kennysheep_generic_room_3, uniq_crazy_yiuf_cottage
D:3:      minmay_statues_item, kennysheep_generic_room_14, uniq_robin,
          uniq_jessica, uniq_ijyb

Skill      XL: |  1  2  3  4 |
---------------+-------------+-----
Polearms       | 2 3 4 |  4.1
Charms         | 2 |  2.1
Fighting       | |  2.0
Throwing       | |  0.8
Armour         | |  0.8
Dodging        | |  1.7
Spellcasting   | |  2.0
Translocations | |  2.8

Action                   |  1- 3 |  4- 6 || total
-------------------------+-------+-------++-------
Melee: Spear             |   150 |   120 ||   270
       Kick              |       |    12 ||    12
 Cast: Shroud of Golubri |     5 |    10 ||    15
  Eat: Chunk             |     5 |     3 ||     8
Armor: Leather armour    |    31 |    29 ||    60
Dodge: Dodged            |    57 |    49 ||   106
